 Dungeon Crawl Stone Soup version 0.24.0-13-gcf9b319 (webtiles) character file.

Game seed: 490301814293686018, levelgen mode: deterministic

1625 Fang the Skirmisher (level 8, -1/52 HPs)
             Began as a Gargoyle Fighter on Dec 18, 2019.
             Slain by an orc warrior
             ... wielding a +0 mace
              (2 damage)
             ... on level 6 of the Dungeon.
             The game lasted 00:05:41 (4668 turns).

Fang the Skirmisher (Gargoyle Fighter)              Turns: 4668, Time: 00:05:41

Health: -1/52      AC: 19    Str: 26    XL:     8   Next: 97%
Magic:  0/8        EV:  7    Int: 10    God:
Gold:   207        SH: 10    Dex:  6    Spells: 7/7 levels left

rFire    + + .     SeeInvis .   a - +1 war axe
rCold    . . .     Gourm    .   B - +0 shield
rNeg     + . .     Faith    .   b - +0 chain mail
rPois    ∞         Spirit   +   k - +2 hat {MR+}
rElec    +         Reflect  .   (no cloak)
rCorr    .         Harm     .   r - +0 pair of gloves of the Morning Star {rF++ MR+ Dex-3} (curse)
MR       ++...                  (no boots)
Stlth    ..........             f - amulet of guardian spirit
HPRegen  0.17/turn              (no ring)
MPRegen  0.11/turn              (no ring)

@: mighty
A: negative energy resistance 1, electricity resistance, unbreathing,
petrification resistance, rot immunity, AC +5
a: no special abilities


You were on level 6 of the Dungeon.
You were not hungry.

You visited 2 branches of the dungeon, and saw 7 of its levels.
You also visited: Sewer.

You collected 207 gold pieces.

Inventory:

Hand Weapons
 a - a +1 war axe (weapon)
Armour
 b - a +0 chain mail (worn)
 k - a +2 hat of magic resistance (worn)
 r - the cursed +0 pair of gloves of the Morning Star (worn) {rF++ MR+ Dex-3}
   (You found it on level 6 of the Dungeon)

   It affects your dexterity (-3).
   It greatly protects you from fire.
   It affects your resistance to hostile enchantments.
   It has a curse placed upon it.
 B - a +0 shield (worn)
Jewellery
 f - an amulet of guardian spirit (around neck)
Scrolls
 g - a scroll of enchant weapon
 j - 3 scrolls of remove curse
 n - a scroll of enchant armour {unknown}
 s - a scroll of identify
 t - a scroll of fear
 v - a scroll of magic mapping
Potions
 d - 2 potions of might
 e - a potion of lignification {unknown}
 h - 3 potions of heal wounds {unknown}
 i - a potion of resistance
 l - 2 potions of ambrosia
 m - a potion of agility {unknown}
 o - 3 potions of curing {unknown}
 p - a potion of cancellation
 q - a potion of flight {unknown}
 u - a potion of magic {unknown}
Comestibles
 c - 4 rations
 w - a chunk of flesh


   Skills:
 + Level 6.9 Fighting
 + Level 5.2 Axes
 + Level 6.8 Armour
 + Level 6.9 Shields


You had 7 spell levels left.
You didn't know any spells.
Your spell library contained the following spells:

 Spells                   Type           Power        Failure   Level  Hunger
 Confusing Touch          Hex            #.....       99%         1    ##.....
 Magic Dart               Conj           #...         99%         1    ##.....
 Blink                    Tloc           N/A          100%        2    ###....
 Call Imp                 Summ           #.......     100%        2    ###....
 Searing Ray              Conj           #.....       100%        2    ###....
 Slow                     Hex            #.......     100%        2    ###....
 Confuse                  Hex            #.......     100%        3    ####...
 Conjure Flame            Conj/Fire      #.......     100%        3    ####...
 Dazzling Spray           Conj/Hex       #.....       100%        3    ####...
 Gell's Gravitas          Tloc           #.........   100%        3    ####...
 Mephitic Cloud           Conj/Pois/Air  #.......     100%        3    ####...
 Force Lance              Conj/Tloc      #.......     100%        4    #####..
 Fulminant Prism          Conj/Hex       #.........   100%        4    #####..
 Iskenderun's Mystic Bla  Conj           #.......     100%        4    #####..
 Petrify                  Tmut/Erth      #.......     100%        4    #####..
 Metabolic Englaciation   Hex/Ice        #.........   100%        5    ######.
 Yara's Violent Unravell  Hex/Tmut       #.........   100%        5    ######.


Dungeon Overview and Level Annotations

Branches:
Dungeon (6/15)             Temple (1/1) D:4           Sewer (visited)

Altars:
Ashenzari
Cheibriados
Dithmenos
Elyvilon
Fedhas
Gozag
Hepliaklqana
Kikubaaqudgha
Makhleb
Nemelex Xobeh
Okawaru
Qazlal
Ru
Sif Muna
Vehumet
Wu Jian
Xom
Yredelemnul
Zin
The Shining One


Innate Abilities, Weirdness & Mutations

You are resistant to torment.
Your stone body is resilient. (AC +5)
You are immune to poison.
You resist negative energy. (rN+)
You are resistant to electric shocks. (rElec)
You can survive without breathing.
You are immune to petrification.
You are immune to rotting.


Message History

You closely miss the orc warrior.
The orc warrior is severely wounded.
You block the orc's attack.
The orc warrior hits you but does no damage.
You closely miss the orc warrior.
The orc warrior is severely wounded.
The orc hits you but does no damage. The orc warrior barely misses you.
You closely miss the orc warrior.
The orc warrior is severely wounded.
You block the orc's attack.
The worker ant bites you but does no damage.
The orc warrior hits you with a +0 mace!
* * * LOW HITPOINT WARNING * * *
Your shield and chain mail prevent you from hitting the orc warrior.
The orc warrior is severely wounded.
You closely miss the worker ant.
The worker ant bites you but does no damage.
You block the orc's attack.
The orc warrior hits you with a +0 mace.
You die...

#... ..# ..$ ..#
#.# # # #.# # #.
#.# # # #.####
#.####.### #
#....####..)@a...#
# #........)o[...#
# #...####.###o..#
# #...# #.# ...#
## #.÷.# #.# ...#
.######...####.#
...#
...........)....
..?.
.######...#####.
..## ...[...)..#


You could see an orc warrior, a worker ant and an orc.

Vanquished Creatures
  A water moccasin (D:5)
  2 orc warriors (D:6)
  An ice beast (D:4)
  A sky beast (D:5)
  An ogre (D:5)
  2 phantoms
  A big kobold (Sewer)
  A bullfrog (D:4)
  A scorpion (D:4)
  A howler monkey (D:6)
  2 crimson imps (D:5)
  2 hounds
  A bullfrog skeleton (D:5)
  An orc priest (D:5)
  An orc wizard (D:5)
  An iguana (D:5)
  5 worker ants
  Terence (D:3)
  2 hound zombies
  A hound skeleton (D:5)
  Robin (D:3)
  A river rat (Sewer)
  7 adders
  4 oozes
  An adder skeleton (D:6)
  4 worms
  3 dart slugs (D:2)
  A leopard gecko (D:6)
  19 orcs
  3 giant cockroaches (D:4)
  10 goblins
  7 hobgoblins
  6 jackals
  15 kobolds
  4 quokkas
  3 ball pythons
  A ball python skeleton (D:4)
  2 bats (D:2)
  2 frilled lizards (D:2)
  A leopard gecko skeleton (D:4)
  31 rats
155 creatures vanquished.

Notes
Turn   | Place    | Note
-------+----------+-------------------------------------------
     0 | D:1      | Fang the Gargoyle Fighter began the quest for the Orb.
     0 | D:1      | Reached XP level 1. HP: 14/14 MP: 1/1
    71 | D:1      | Reached XP level 2. HP: 19/19 MP: 2/2
   104 | D:1      | You fall into a shaft and drop 1 floor!
   192 | D:2      | Found a sacrificial altar of Ru.
   270 | D:2      | Reached XP level 3. HP: 19/23 MP: 3/3
   422 | D:2      | Reached XP level 4. HP: 21/29 MP: 4/4
   965 | D:3      | Noticed Robin
   988 | D:3      | Killed Robin
   988 | D:3      | Reached XP level 5. HP: 22/33 MP: 5/5
  1187 | D:3      | You fall into a shaft and drop 2 floors!
  1187 | D:5      | Entered Level 5 of the Dungeon
  1187 | D:5      | Found a glowing golden altar of the Shining One.
  1313 | D:5      | Reached XP level 6. HP: 35/39 MP: 6/6
  1558 | D:5      | Reached skill level 5 in Armour
  1562 | D:5      | Noticed a sky beast
  1618 | D:5      | Killed a sky beast
  1618 | D:5      | Reached skill level 5 in Fighting
  1618 | D:5      | Reached skill level 5 in Shields
  1618 | D:5      | Reached XP level 7. HP: 16/44 MP: 5/7
  1948 | D:5      | Found an iron altar of Okawaru.
  2212 | D:4      | Reached XP level 8. HP: 44/51 MP: 6/8
  2655 | D:4      | Found a staircase to the Ecumenical Temple.
  2726 | D:4      | Found a glowing drain.
  2733 | Sewer    | Entered a sewer
  3204 | Temple   | Entered the Ecumenical Temple
  3509 | D:4      | Found a shimmering blue altar of Sif Muna.
  3829 | D:3      | Noticed Terence
  3837 | D:3      | Killed Terence
  4320 | D:6      | Got a pair of twisted gloves
  4326 | D:6      | Identified the cursed +0 pair of gloves of the Morning Star
                  | {rF++ MR+ Dex-3} (You found it on level 6 of the Dungeon)
  4367 | D:6      | Reached skill level 5 in Axes
  4667 | D:6      | HP: 1/52 [orc warrior/+0 mace (7)]
  4668 | D:6      | Slain by an orc warrior

Levels and vault maps discovered:
D:1:      dpeg_arrival_prison, layout_loops_cross, minmay_pentomino_r2
D:2:      layout_basic, nicolae_ru_awakened_eye, first_ration,
          chequers_serial_rivers_micro_c
D:3:      layout_basic, minmay_rat_hole, uniq_robin, uniq_terence
D:4:      layout_cave_pods, lemuel_coloured_pillars_altar,
          minmay_temple_entry_wispy, gup_sewer_entry_bubbles
D:5:      layout_gridville, kennysheep_mini, tso_metal_star
D:6:      layout_loops_ring, lemuel_round_altar, lemuel_tele_altar,
          uniq_prince_ribbit1
Temple:   kb_temple_of_zot

Skill      XL: |  1  2  3  4  5  6  7  8 |
---------------+-------------------------+-----
Axes           | 2 3 4 5 |  5.2
Armour         | 4 5 6 |  6.8
Fighting       | 4 5 6 |  6.9
Shields        | 4 5 6 |  6.9

Action                   |  1- 3 |  4- 6 |  7- 9 || total
-------------------------+-------+-------+-------++-------
Melee: War axe           |   124 |   199 |   386 ||   709
  Use: Scroll            |       |     2 |    11 ||    13
       Potion            |       |       |     1 ||     1
  Eat: Chunk             |       |     3 |     8 ||    11
       Ration            |       |       |     1 ||     1
Armor: Scale mail        |    74 |   120 |   134 ||   328
       Chain mail        |       |       |    52 ||    52
Dodge: Dodged            |    46 |    64 |   115 ||   225
Block: Shield            |    72 |   114 |   211 ||   397
